[Event "Titled Tuesday Blitz August 15 Late 2023"]
[White "UgarteCesar"]
[Black "laskakid"]
[WhiteElo "2326"]
[BlackElo "2136"]
[Result "0-1"]
[Round "6"]
[TimeControl "180+1"]
[Date "2023.08.15"]
[WhiteClock "0:00:13"]
[BlackClock "0:00:03"]
[Board "142"]

1. d4 d5 2. Nf3 Nf6 3. e3 Bf5 4. Bd3 Bxd3 5. Qxd3 e6 6. O-O Nbd7 7. Nbd2 c5 8. b3 Bd6 9. Bb2 O-O 10. Rfd1 Qc7 11. Rac1 Rad8 12. c4 Qb8 13. cxd5 Nxd5 14. g3 Nb4 15. Qb1 cxd4 16. exd4 Nf6 17. a3 Nbd5 18. Nc4 Rfe8 19. Nce5 Rc8 20. b4 Nb6 21. Qd3 Rxc1 22. Rxc1 Rc8 23. Rd1 Na4 24. Qb3 Nxb2 25. Qxb2 Nd5 26. Rd3 Qc7 27. Qe2 Qc1+ 28. Kg2 Nc3 29. Qe3 Qxa3 30. Qf4 f6 31. Qg4 Qa2 32. Nd7 Bxb4 33. Nxf6+ Kh8 34. d5 Qe2 35. Nh5 Bf8 36. Qxe6 Qxe6 37. dxe6 b5 38. Ne5 b4 39. Nf7+ Kg8 40. Rd7 b3 41. Rb7 Nd1 42. Rxb3 Rc2 43. Rb8 Rxf2+ 44. Kg1 Rxf7 45. exf7+ Kxf7 46. Rb7+ Kg6 47. Nf4+ Kf6 48. Rxa7 Bc5+ 49. Kf1 Bxa7 50. Ke2 Nc3+ 51. Kd3 Nb5 52. Kc4 Nd6+ 53. Kd5 Nf5 54. Nh5+ Kg6 55. Nf4+ Kg5 56. Ne6+ Kf6 57. Nf4 Ne7+ 58. Ke4 Bg1 59. h4 Bh2 60. Kf3 Nf5 61. Nd5+ Ke5 62. g4 Nxh4+ 63. Ke3 Kxd5 64. g5 Ke5 65. g6 hxg6 66. Kf2 g5 67. Kf1 g4 68. Kf2 g3+ 69. Kf1 g2+ 70. Ke2 g1=Q 0-1


[Site "https://www.chess.com"]

[Event "Titled Tuesday Blitz August 15 Late 2023"]
[White "Okike, David"]
[Black "Joubert, Dantelle"]
[WhiteFideId "8500134"]
[BlackFideId "14310813"]
[WhiteElo "2320"]
[BlackElo "2069"]
[Result "1-0"]
[Round "6"]
[TimeControl "180+1"]
[Date "2023.08.15"]
[WhiteClock "0:01:13"]
[BlackClock "0:00:36"]
[Board "143"]

1. e4 c5 2. Nf3 d6 3. d4 cxd4 4. Nxd4 Nf6 5. Nc3 g6 6. Be3 Bg7 7. f3 O-O 8. Qd2 Nc6 9. O-O-O d5 10. Qe1 Qa5 11. Nb3 Qc7 12. Nxd5 Nxd5 13. exd5 Ne5 14. f4 Bf5 15. c3 Ng4 16. Nd4 Rfc8 17. h3 Nxe3 18. Qxe3 Qa5 19. a3 Rc7 20. Bd3 Bxd3 21. Qxd3 Rac8 22. Kb1 Qxd5 23. Rd2 a6 24. Re1 e5 25. fxe5 Bxe5 26. Nf3 Qxd3+ 27. Rxd3 Bf6 28. g4 h6 29. h4 Kf8 30. g5 Bg7 31. Re4 Re7 32. Rde3 Rxe4 33. Rxe4 Re8 34. Rxe8+ Kxe8 35. Kc2 Ke7 36. c4 Ke6 37. b4 Kf5 38. gxh6 Bxh6 39. Kd3 Bg7 40. a4 Kg4 41. Ke2 Bc3 42. b5 axb5 43. axb5 b6 44. Ke3 Bb4 45. Ne5+ Kxh4 46. Nxf7 Bc5+ 47. Kf3 g5 48. Ne5 Bd6 49. Nd7 Bc7 50. c5 bxc5 51. Nxc5 g4+ 52. Kg2 Bb6 53. Nd7 g3 54. Nxb6 Kg5 55. Nc4 Kf6 56. b6 Ke6 57. b7 Kd7 58. b8=Q 1-0


[Site "https://www.chess.com"]

[Event "Titled Tuesday Blitz August 15 Late 2023"]
[White "Garmendiarov"]
[Black "Bongo Akanga Ndjila, Barthelemy"]
[BlackFideId "10609431"]
[WhiteElo "2301"]
[BlackElo "2043"]
[Result "1-0"]
[Round "6"]
[TimeControl "180+1"]
[Date "2023.08.15"]
[WhiteClock "0:00:13"]
[BlackClock "0:00:00"]
[Board "144"]

1. e4 e6 2. d4 d5 3. Nc3 Nf6 4. e5 Nfd7 5. f4 c5 6. Nf3 Nc6 7. Be3 Qb6 8. a3 a6 9. dxc5 Bxc5 10. Bxc5 Qxc5 11. Bd3 Qe3+ 12. Ne2 O-O 13. Qd2 Qa7 14. c3 Nc5 15. Ned4 Ne4 16. Qc2 f5 17. exf6 Nxf6 18. O-O-O Bd7 19. Rhe1 Qb8 20. g3 Nxd4 21. Nxd4 Qd6 22. Qe2 Rae8 23. Qe5 Qc5 24. Kb1 b5 25. h3 a5 26. Nb3 Qb6 27. Qd4 Qb8 28. Nxa5 Nh5 29. Nb3 Nxg3 30. Nc5 Bc8 31. Qg1 Qxf4 32. Re3 Nh5 33. Rf1 Qh6 34. Rxf8+ Rxf8 35. Nxe6 Bxe6 36. Qe1 Bf7 37. Bxb5 1-0


[Site "https://www.chess.com"]

[Event "Titled Tuesday Blitz August 15 Late 2023"]
[White "Vargas, Mauricio"]
[Black "Shapiro, Daniel"]
[WhiteFideId "4404572"]
[BlackFideId "2001780"]
[WhiteElo "1883"]
[BlackElo "2295"]
[Result "0-1"]
[Round "6"]
[TimeControl "180+1"]
[Date "2023.08.15"]
[WhiteClock "0:00:00"]
[BlackClock "0:00:32"]
[Board "145"]

1. e4 c5 2. Nc3 a6 3. f4 b5 4. d3 Bb7 5. Nf3 e6 6. g3 Nc6 7. Bg2 b4 8. Ne2 d5 9. e5 h5 10. h3 Nh6 11. O-O Be7 12. Kh2 Nf5 13. Qe1 a5 14. a3 Qc7 15. axb4 axb4 16. Rxa8+ Bxa8 17. b3 Bd8 18. Kg1 Nce7 19. g4 hxg4 20. hxg4 Nh6 21. Qg3 d4 22. Ng5 Bxg2 23. Qxg2 Qc6 24. Ne4 Nd5 25. Nd6+ Kf8 26. f5 exf5 27. Nxf5 Ne7 28. Nd6 Qxg2+ 29. Kxg2 Ng6 30. g5 Ng4 31. Rxf7+ Kg8 32. Rd7 Be7 0-1


[Site "https://www.chess.com"]

[Event "Titled Tuesday Blitz August 15 Late 2023"]
[White "rikchessmx"]
[Black "Burke, Paul"]
[BlackFideId "2605767"]
[WhiteElo "2291"]
[BlackElo "1843"]
[Result "1-0"]
[Round "6"]
[TimeControl "180+1"]
[Date "2023.08.15"]
[WhiteClock "0:00:39"]
[BlackClock "0:00:02"]
[Board "146"]

1. e4 e5 2. Nf3 Nc6 3. Bb5 f5 4. Nc3 Nf6 5. exf5 e4 6. Qe2 Qe7 7. Ng5 d5 8. Ne6 Bxe6 9. fxe6 Qxe6 10. d3 Bb4 11. Bd2 Bxc3 12. Bxc3 O-O 13. O-O-O a6 14. Ba4 Qg4 15. Bxc6 Qxe2 16. Rhe1 Qxf2 17. Bxf6 Rxf6 18. Bxd5+ Kf8 19. Bxb7 Rb8 20. Bxe4 Qb6 21. b3 Qa5 22. Kb2 Qe5+ 23. Kb1 Qc3 24. Bxh7 Re8 25. Be4 Re5 26. g4 Rc5 27. Re2 Ra5 28. h4 Qb4 29. g5 Rf4 30. c4 Ra3 31. Kb2 Ra5 32. Rg2 Qa3+ 33. Kb1 Qb4 34. h5 Qc3 35. h6 gxh6 36. gxh6 Qh8 37. h7 Ke7 38. Re1 Re5 39. Rg8 Qf6 40. h8=Q 1-0


[Site "https://www.chess.com"]

[Event "Titled Tuesday Blitz August 15 Late 2023"]
[White "Milovic, Aleksandra"]
[Black "Hirneise, Jens"]
[WhiteFideId "933988"]
[BlackFideId "24614734"]
[WhiteElo "2092"]
[BlackElo "2462"]
[Result "0-1"]
[Round "6"]
[TimeControl "180+1"]
[Date "2023.08.15"]
[WhiteClock "0:00:09"]
[BlackClock "0:00:48"]
[Board "147"]

1. d4 d6 2. e4 Nf6 3. Nc3 e5 4. d5 Be7 5. h3 O-O 6. Be3 Ne8 7. Qd2 f5 8. exf5 Bxf5 9. Bd3 Bxd3 10. Qxd3 Nd7 11. Nge2 Bg5 12. O-O-O Nc5 13. Qd2 Bxe3 14. Qxe3 Nf6 15. Ng3 Qd7 16. Nge4 Nfxe4 17. Nxe4 Nxe4 18. Qxe4 Rxf2 19. g4 Raf8 20. g5 R8f4 21. Qe3 Qa4 22. Rd2 Rf1+ 23. Rxf1 Rxf1+ 24. Rd1 Rxd1+ 25. Kxd1 Qxa2 26. Qf3 Qc4 27. b3 Qd4+ 28. Kc1 Qf4+ 29. Qxf4 exf4 30. Kd2 Kf7 31. Ke2 Kg6 32. Kf3 Kf5 33. h4 a5 34. c4 b6 35. Kf2 Ke4 36. h5 f3 37. h6 g6 38. Kf1 Kf4 39. Kf2 Kg4 40. Kf1 Kxg5 41. Kf2 Kf4 42. Kf1 g5 43. c5 bxc5 44. b4 cxb4 45. Kf2 g4 46. Ke1 Ke4 47. Kd2 Kxd5 48. Ke3 Ke5 49. Kd3 d5 50. Kc2 a4 51. Kd2 c5 52. Ke3 c4 53. Kf2 Kf4 54. Kg1 g3 55. Kf1 d4 56. Ke1 c3 57. Kd1 d3 58. Kc1 b3 59. Kb1 a3 60. Ka1 Kg5 61. Kb1 Kxh6 62. Kc1 Kg5 63. Kd1 Kf4 64. Ke1 Ke3 65. Kf1 h6 66. Kg1 h5 67. Kh1 Ke4 68. Kg1 Kf4 69. Kf1 Kg4 70. Ke1 h4 71. Kd1 Kf4 72. Kc1 Ke3 73. Kb1 h3 74. Ka1 h2 75. Kb1 g2 76. Kc1 f2 77. Kb1 Ke2 78. Ka1 d2 79. Kb1 Kf3 80. Ka1 Kf4 81. Kb1 Kf5 82. Ka1 Kf6 83. Kb1 Kf7 84. Ka1 Ke8 85. Kb1 Kd8 86. Ka1 Kc8 87. Kb1 Kb8 88. Ka1 Ka8 89. Kb1 Ka7 90. Ka1 Kb7 91. Kb1 Kb6 92. Ka1 Kc6 93. Kb1 Kc5 94. Ka1 Kd5 95. Kb1 Kd4 96. Ka1 Kc4 97. Kb1 Kd3 98. Ka1 Ke2 99. Kb1 Ke1 100. Ka1 h1=Q 101. Kb1 g1=Q 102. Ka1 f1=Q 103. Kb1 a2+ 104. Ka1 d1=Q# 0-1


[Site "https://www.chess.com"]

[Event "Titled Tuesday Blitz August 15 Late 2023"]
[White "Tqebuchava, Zurab"]
[Black "cthake"]
[WhiteFideId "13601113"]
[WhiteElo "2169"]
[BlackElo "1824"]
[Result "1-0"]
[Round "6"]
[TimeControl "180+1"]
[Date "2023.08.15"]
[WhiteClock "0:00:18"]
[BlackClock "0:00:13"]
[Board "148"]

1. e4 c5 2. Nf3 Nc6 3. Bb5 d6 4. Bxc6+ bxc6 5. h3 e5 6. O-O Be7 7. Nc3 Nf6 8. d3 O-O 9. Nh2 d5 10. Bg5 d4 11. Na4 Qa5 12. Bxf6 Bxf6 13. b3 Be7 14. Qe1 Qc7 15. Ng4 h5 16. Nh2 f5 17. exf5 Bxf5 18. f3 Rae8 19. Rf2 Qd6 20. Re2 Bg5 21. Nf1 Bf6 22. Qa5 Be7 23. Rae1 Qg6 24. Kh2 Bd6 25. Kh1 h4 26. Nxc5 Bxh3 27. Ne4 Bd7 28. Qxa7 Rf7 29. Qa5 h3 30. Nxd6 hxg2+ 31. Rxg2 Qh5+ 32. Nh2 Rxf3 33. Nxe8 Bxe8 34. Qc5 e4 35. Qxh5 Bxh5 36. Nxf3 Bxf3 37. Rxe4 Bxe4 38. dxe4 c5 39. a4 Kf7 40. a5 1-0


[Site "https://www.chess.com"]

[Event "Titled Tuesday Blitz August 15 Late 2023"]
[White "Maluco_do_Natal_00"]
[Black "Herman, Matthew"]
[BlackFideId "2028964"]
[WhiteElo "2069"]
[BlackElo "2450"]
[Result "0-1"]
[Round "6"]
[TimeControl "180+1"]
[Date "2023.08.15"]
[WhiteClock "0:00:00"]
[BlackClock "0:00:08"]
[Board "149"]

1. e4 c5 2. Nf3 Nc6 3. d4 cxd4 4. Nxd4 e6 5. Nb5 d6 6. Bf4 e5 7. Be3 a6 8. N5a3 Nf6 9. Nc3 b5 10. Nd5 Nxd5 11. exd5 Ne7 12. c4 Nf5 13. cxb5 Nxe3 14. fxe3 Be7 15. bxa6 O-O 16. Bd3 Bg5 17. Nc2 f5 18. O-O Qb6 19. Qc1 Bd7 20. Kh1 g6 21. Rb1 Rfc8 22. Qd1 Ba4 23. b3 Bb5 24. Bxb5 Qxb5 25. Na3 Qxa6 26. Nc4 e4 27. a4 h5 28. Qd4 Kf7 29. Qb2 Bf6 30. Qf2 Rab8 31. Qf4 Rd8 32. Qh6 Bg7 33. Qf4 Bf6 34. Qh6 Bg7 35. Qf4 Rb4 36. Rfc1 Kg8 37. Qg5 Rdb8 38. h3 Kh7 39. Nd2 Qe2 40. Nc4 Rxb3 41. Rxb3 Rxb3 42. Qe7 Rd3 43. Nxd6 Rd1+ 44. Rxd1 Qxd1+ 45. Kh2 Qd3 0-1


[Site "https://www.chess.com"]

[Event "Titled Tuesday Blitz August 15 Late 2023"]
[White "KSho99"]
[Black "Fernandez Hernandez, Gerardo"]
[BlackFideId "2207400"]
[WhiteElo "2204"]
[BlackElo "2227"]
[Result "0-1"]
[Round "6"]
[TimeControl "180+1"]
[Date "2023.08.15"]
[WhiteClock "0:00:02"]
[BlackClock "0:00:06"]
[Board "150"]

1. Nf3 Nf6 2. b3 g6 3. Bb2 Bg7 4. e3 O-O 5. d4 d6 6. Be2 Nbd7 7. O-O b6 8. c4 Bb7 9. Nc3 e5 10. dxe5 dxe5 11. Qc2 Qe7 12. Rad1 e4 13. Nd2 Rfe8 14. Nb5 Ne5 15. Qb1 a6 16. Nc3 Neg4 17. Ncxe4 Bxe4 18. Nxe4 Qxe4 19. Qxe4 Rxe4 20. Bf3 Rae8 21. Bxe4 Nxe4 22. Bxg7 Kxg7 23. Rd7 Rc8 24. f3 Nxe3 25. Re1 Nc5 26. Rd4 Nf5 27. Rd5 Kf8 28. g4 Ne7 29. Rde5 Nc6 30. Rd5 Re8 31. Rxe8+ Kxe8 32. Kf2 Ke7 33. h4 h6 34. h5 Ke6 35. Rd2 g5 36. Kg3 Ne5 37. Re2 Nd3 38. a3 Nf4 39. Re3 f6 40. Re4 Kd6 41. b4 c5 42. b5 axb5 43. cxb5 c4 44. a4 Kc5 45. Re1 c3 46. Rc1 Ne2+ 47. Kf2 Nxc1 0-1


[Site "https://www.chess.com"]

[Event "Titled Tuesday Blitz August 15 Late 2023"]
[White "Alexikov, Alexander"]
[Black "Oliveira, Tiago Batista"]
[WhiteFideId "14103958"]
[BlackFideId "2108291"]
[WhiteElo "2210"]
[BlackElo "2151"]
[Result "1-0"]
[Round "6"]
[TimeControl "180+1"]
[Date "2023.08.15"]
[WhiteClock "0:01:59"]
[BlackClock "0:02:18"]
[Board "151"]

1. e4 e5 2. Nf3 Nc6 3. c3 Nf6 4. d4 exd4 5. e5 Nd5 6. Bb5 g6 7. O-O Bg7 8. Bg5 Nce7 9. Qxd4 O-O 10. Qh4 c6 11. Bc4 d6 12. Bxd5 1-0


[Site "https://www.chess.com"]

[Event "Titled Tuesday Blitz August 15 Late 2023"]
[White "Nakamura, Hikaru"]
[Black "Duda, Jan-Krzysztof"]
[WhiteFideId "2016192"]
[BlackFideId "1170546"]
[WhiteElo "3230"]
[BlackElo "3073"]
[Result "0-1"]
[Round "7"]
[TimeControl "180+1"]
[Date "2023.08.15"]
[WhiteClock "0:00:30"]
[BlackClock "0:00:25"]
[Board "1"]

1. b3 d5 2. Bb2 Bf5 3. Nf3 e6 4. g3 h6 5. Bg2 Nf6 6. d3 Be7 7. Nbd2 a5 8. a3 Nbd7 9. Ne5 Nxe5 10. Bxe5 c6 11. O-O O-O 12. e4 Bh7 13. Qe2 Nd7 14. Bb2 Bf6 15. d4 dxe4 16. Nxe4 Bxe4 17. Qxe4 g6 18. c4 h5 19. Rad1 Re8 20. Qc2 Rc8 21. Rfe1 Bg7 22. Rd3 Qg5 23. Red1 Red8 24. Qe2 Re8 25. Bc3 b6 26. Bd2 Qe7 27. a4 c5 28. d5 Bd4 29. dxe6 Qxe6 30. Qxe6 Rxe6 31. Bf4 Ne5 32. R3d2 Rce8 33. Bd5 Rf6 34. Re2 Rf5 35. Kg2 g5 36. Bc1 g4 37. Bf4 Kg7 38. Rde1 Bc3 39. Rc1 Bd4 40. Rd1 Re7 41. Rdd2 Ng6 42. Rxe7 Nxe7 43. Be4 Rf6 44. Rxd4 Rxf4 45. gxf4 cxd4 46. Kf1 f5 47. Bb7 Ng6 48. b4 axb4 49. Ke1 Nxf4 50. Kd2 Ne6 51. Bc8 Kf6 52. Kd3 b3 0-1


[Site "https://www.chess.com"]

[Event "Titled Tuesday Blitz August 15 Late 2023"]
[White "Vachier-Lagrave, Maxime"]
[Black "Kazakouski, Valery"]
[WhiteFideId "623539"]
[BlackFideId "13507443"]
[WhiteElo "3128"]
[BlackElo "2936"]
[Result "0-1"]
[Round "7"]
[TimeControl "180+1"]
[Date "2023.08.15"]
[WhiteClock "0:00:00"]
[BlackClock "0:00:17"]
[Board "2"]

1. d4 Nf6 2. c4 e6 3. Nc3 Bb4 4. e3 b6 5. Ne2 Ba6 6. a3 Bxc3+ 7. Nxc3 d5 8. b3 O-O 9. Bb2 dxc4 10. bxc4 Nc6 11. Rc1 Na5 12. Qa4 Rc8 13. Be2 Qd7 14. Qxd7 Nxd7 15. Nb5 c6 16. Nd6 Rc7 17. O-O Rd8 18. Ne4 c5 19. Nd6 cxd4 20. exd4 Nf6 21. Nb5 Bxb5 22. cxb5 Rdc8 23. Rxc7 Rxc7 24. Rc1 Rxc1+ 25. Bxc1 Kf8 26. Kf1 Ke7 27. Bd3 Nd5 28. g3 g6 29. Ke2 Nb7 30. Kd2 Nd6 31. a4 Kd7 32. Bb2 Nf5 33. Be2 h5 34. Kd3 Kc7 35. Ba3 Kd7 36. Bf3 Nde7 37. h4 Nd5 38. Bc1 Nfe7 39. Bd2 Nf5 40. Bg5 Nd6 41. Bd2 Nf5 42. Bg2 Nd6 43. Bh3 Nf5 44. Ke4 Nd6+ 45. Kd3 Nf5 46. Bf1 Nd6 47. Be2 Nf5 48. Be1 Nd6 49. Bd1 Nf5 50. f3 Nd6 51. g4 f5 52. gxh5 Nf4+ 53. Ke3 Nxh5 54. Bb3 Ne8 55. d5 e5 56. Bc3 Kd6 57. Bb4+ Kd7 58. d6 Nxd6 59. Bd5 Nf4 60. Bc6+ Ke6 0-1


[Site "https://www.chess.com"]

[Event "Titled Tuesday Blitz August 15 Late 2023"]
[White "Holt, Conrad"]
[Black "Xiong, Jeffery"]
[WhiteFideId "2034387"]
[BlackFideId "2047640"]
[WhiteElo "2908"]
[BlackElo "2990"]
[Result "1/2-1/2"]
[Round "7"]
[TimeControl "180+1"]
[Date "2023.08.15"]
[WhiteClock "0:00:04"]
[BlackClock "0:00:20"]
[Board "3"]

1. d4 Nf6 2. c4 e6 3. Nc3 d5 4. cxd5 exd5 5. Bg5 c6 6. e3 Bd6 7. Bd3 O-O 8. Nge2 Re8 9. Qc2 h6 10. Bh4 a5 11. h3 Na6 12. a3 Nc7 13. O-O Ne6 14. Na4 Be7 15. Rad1 Bd7 16. Nc5 Nxc5 17. dxc5 Ne4 18. Bxe7 Qxe7 19. Bxe4 Qxe4 20. Qxe4 Rxe4 21. Rd4 f5 22. Nc3 Rxd4 23. exd4 Re8 24. f4 g5 25. Kf2 Kf7 26. Re1 Rg8 27. Kf3 Kf6 28. Re2 Be8 29. Re5 Bh5+ 30. g4 Bg6 31. Kg3 Rf8 32. Nd1 fxg4 33. fxg5+ hxg5 34. hxg4 Rh8 35. Nf2 b6 36. cxb6 Rb8 37. Nh3 Rxb6 38. Nxg5 c5 39. Rxd5 cxd4 40. Nf3 d3 41. Rxa5 Rxb2 42. Ra6+ Kg7 43. Rd6 Ra2 44. Ne5 Bh7 45. Rd7+ Kg8 46. Nc4 Rc2 47. Ne3 Ra2 48. Nd5 Bg6 49. Nf6+ Kf8 50. Kf4 Rxa3 51. Kg5 Bf7 52. Kf5 Ra5+ 53. Kf4 Ra4+ 54. Kf5 Ra5+ 55. Kf4 Ra4+ 56. Kg5 Ra5+ 57. Kh6 Ra3 58. Kg5 Be6 59. Rd4 Ke7 60. Ne4 Ra5+ 61. Kf4 Rd5 62. Rxd5 Bxd5 63. Nd2 Kf6 64. Ke3 Kg5 65. Kxd3 Kxg4 1/2-1/2


[Site "https://www.chess.com"]

[Event "Titled Tuesday Blitz August 15 Late 2023"]
[White "Kramnik, Vladimir"]
[Black "Naroditsky, Daniel"]
[WhiteFideId "4101588"]
[BlackFideId "2026961"]
[WhiteElo "2953"]
[BlackElo "3159"]
[Result "1-0"]
[Round "7"]
[TimeControl "180+1"]
[Date "2023.08.15"]
[WhiteClock "0:00:20"]
[BlackClock "0:00:02"]
[Board "4"]

1. d4 Nf6 2. Nf3 g6 3. Bg5 Bg7 4. Nbd2 O-O 5. c3 d6 6. e4 c5 7. d5 e6 8. dxe6 Bxe6 9. Be2 Nc6 10. O-O Qb6 11. Qc2 d5 12. Bxf6 Bxf6 13. exd5 Bxd5 14. Bc4 Rad8 15. Rfe1 Qc7 16. a4 Ne5 17. Bxd5 Rxd5 18. Nxe5 Bxe5 19. g3 Rfd8 20. Nc4 Bf6 21. Rad1 Rxd1 22. Rxd1 Rxd1+ 23. Qxd1 Qc6 24. Ne3 Kg7 25. h4 h5 26. Qb3 b6 27. Qc4 Qf3 28. Qd5 Qe2 29. Nc4 Qg4 30. Kg2 Qe2 31. Nd6 Qe7 32. Qc6 Be5 33. Nc8 Qd8 34. Nxa7 Qd2 35. Nb5 Qxb2 36. Qxb6 c4 37. Qe3 Bf6 38. Nd6 Bxc3 39. Qe7 Bd4 40. Qxf7+ Kh6 41. Nxc4 Qa2 42. Qf4+ Kh7 43. Qxd4 Qxa4 44. Qd5 Qa2 45. Ne3 Qa7 46. Qe4 Kh8 47. Nd5 Qb7 48. Nf6 Qf7 49. Qf4 Qb7+ 50. Kh2 Kg7 51. Qg5 Qf3 52. Nxh5+ Kh7 53. Nf6+ Kg7 54. Ng4 Kh8 55. Qf6+ Kh7 56. Qxf3 1-0


[Site "https://www.chess.com"]

[Event "Titled Tuesday Blitz August 15 Late 2023"]
[White "Firouzja, Alireza"]
[Black "Elsa167"]
[WhiteFideId "12573981"]
[WhiteElo "3124"]
[BlackElo "2943"]
[Result "1-0"]
[Round "7"]
[TimeControl "180+1"]
[Date "2023.08.15"]
[WhiteClock "0:00:02"]
[BlackClock "0:00:01"]
[Board "5"]

1. e4 e6 2. d4 d5 3. Nd2 c5 4. Ngf3 cxd4 5. Nxd4 Nf6 6. e5 Nfd7 7. N2f3 Nc6 8. Bf4 Be7 9. c3 g5 10. Bg3 g4 11. Nxc6 bxc6 12. Nd4 Qb6 13. Be2 h5 14. O-O Ba6 15. b4 Bxe2 16. Qxe2 Qb7 17. a4 Nb6 18. b5 cxb5 19. axb5 Nc4 20. Bf4 Bc5 21. Bg5 Bxd4 22. cxd4 Qxb5 23. Bf6 Rg8 24. Rfb1 Qc6 25. Qd3 Rg6 26. Rb3 a5 27. Rab1 Rc8 28. h4 a4 29. Rb7 a3 30. Re7+ Kf8 31. Rbb7 Nd6 32. Ra7 Qc1+ 33. Kh2 Qf4+ 34. Qg3 Qxg3+ 35. fxg3 Ne4 36. Rxf7+ Kg8 37. Rh7 Nxf6 38. exf6 Rxf6 39. Rxh5 Rc3 40. Rg5+ Kf8 41. Rgg7 Rf1 42. Rxg4 Rd3 43. Rg6 Rxd4 44. Rxe6 Rd3 45. Rb6 Rf2 46. Rb8# 1-0


[Site "https://www.chess.com"]

[Event "Titled Tuesday Blitz August 15 Late 2023"]
[White "Bortnyk, Olexandr"]
[Black "Keymer, Vincent"]
[WhiteFideId "14120828"]
[BlackFideId "12940690"]
[WhiteElo "3084"]
[BlackElo "2945"]
[Result "1/2-1/2"]
[Round "7"]
[TimeControl "180+1"]
[Date "2023.08.15"]
[WhiteClock "0:00:30"]
[BlackClock "0:00:22"]
[Board "6"]

1. e4 c6 2. c4 d5 3. cxd5 cxd5 4. exd5 Nf6 5. Qa4+ Nbd7 6. Nc3 g6 7. Bc4 Bg7 8. d3 O-O 9. Nf3 a6 10. Qa3 b6 11. O-O Bb7 12. Re1 b5 13. Bb3 Re8 14. Be3 Nb6 15. Bxb6 Qxb6 16. Qb4 Qd6 17. Qxd6 exd6 18. a3 Nd7 19. d4 Nb6 20. Kf1 h6 21. Rxe8+ Rxe8 22. Re1 Rxe1+ 23. Kxe1 f5 24. Kd2 Kf7 25. h4 Bf6 26. g3 g5 27. hxg5 hxg5 28. Ke3 g4 29. Ne1 Bg5+ 30. Ke2 Bf6 31. Nc2 Kg6 32. Kd3 Bg5 33. Ne3 Bc8 34. a4 bxa4 35. Nxa4 Nxa4 36. Bxa4 f4 37. Be8+ Kf6 38. Nc4 Bf5+ 39. Kc3 Ke7 40. Bh5 fxg3 41. fxg3 Kd7 42. Bf7 Ke7 43. Bg8 Bh6 44. Kb4 Bc1 45. b3 Bd3 46. Be6 Bxc4 47. bxc4 Bd2+ 48. Kb3 Be3 49. Kc3 Bf2 50. Bxg4 Bxg3 51. c5 Kd8 52. Kc4 Kc7 53. Bh5 Bf2 54. Be8 a5 55. Ba4 Bg1 56. Bb5 Bf2 57. Ba4 Bg1 58. Bb5 Bf2 59. Ba4 1/2-1/2


[Site "https://www.chess.com"]

[Event "Titled Tuesday Blitz August 15 Late 2023"]
[White "Dubov, Daniil"]
[Black "Kamsky, Gata"]
[WhiteFideId "24126055"]
[BlackFideId "2000024"]
[WhiteElo "3043"]
[BlackElo "2925"]
[Result "1-0"]
[Round "7"]
[TimeControl "180+1"]
[Date "2023.08.15"]
[WhiteClock "0:00:20"]
[BlackClock "0:00:00"]
[Board "7"]

1. d4 f5 2. Nf3 Nf6 3. Bg5 e6 4. Nbd2 Be7 5. Bxf6 Bxf6 6. e4 d5 7. e5 Be7 8. c4 c6 9. Bd3 O-O 10. Rc1 Qb6 11. Qc2 Bd7 12. h4 h6 13. a3 Be8 14. h5 a5 15. Nf1 a4 16. Ne3 Qa5+ 17. Kf1 Nd7 18. g3 Nb6 19. c5 Nc8 20. Ng2 b6 21. Nf4 Bd7 22. g4 bxc5 23. dxc5 Qxc5 24. Qb1 Qb6 25. gxf5 exf5 26. Rg1 Rb8 27. Rc2 Qa7 28. Re2 Rb3 29. Qc1 Kh7 30. Rg3 Qc5 31. Qb1 Kg8 32. Bc2 Rxf3 33. Rxf3 Nb6 34. Ng6 Rb8 35. Bxf5 Qc4 36. Bxd7 Nxd7 37. Nxe7+ 1-0


[Site "https://www.chess.com"]

[Event "Titled Tuesday Blitz August 15 Late 2023"]
[White "Dardha, Daniel"]
[Black "Bluebaum, Matthias"]
[WhiteFideId "240990"]
[BlackFideId "24651516"]
[WhiteElo "2920"]
[BlackElo "3034"]
[Result "1-0"]
[Round "7"]
[TimeControl "180+1"]
[Date "2023.08.15"]
[WhiteClock "0:00:08"]
[BlackClock "0:00:27"]
[Board "8"]

1. e4 e6 2. d4 d5 3. Nc3 Nf6 4. exd5 exd5 5. Bd3 c5 6. Nf3 c4 7. Be2 Bb4 8. Bd2 O-O 9. O-O Re8 10. Re1 Nc6 11. h3 h6 12. a3 Bd6 13. b3 cxb3 14. cxb3 Bf5 15. Be3 a6 16. b4 Rc8 17. Qb3 Bb8 18. Bf1 Qd6 19. Rac1 Be4 20. Nxe4 dxe4 21. Ne5 Nxe5 22. dxe5 Qxe5 23. g3 Rxc1 24. Bxc1 Qf5 25. Bg2 Ba7 26. Re2 Rd8 27. Qc2 Rc8 28. Qd1 Rc3 29. g4 Qd7 30. Rd2 Bxf2+ 31. Kf1 Qb5+ 32. Re2 Bb6 33. Bb2 Rd3 34. Qc2 Re3 35. Bc1 Rf3+ 36. Ke1 Rg3 37. Qc8+ Kh7 38. Qf5+ Qxf5 39. gxf5 Bd4 40. Bxe4 Rxh3 41. Bxb7 a5 42. bxa5 Bc3+ 43. Kf2 Bxa5 44. Kg2 Rb3 45. Ba6 Bb6 46. Bb2 Nd5 47. Kh1 Nf4 48. Rh2 Bd4 49. Bxd4 Rb1+ 50. Bg1 Ra1 51. Rh4 Ne2 52. Bxe2 Rxa3 53. Rh2 Rg3 54. Rf2 Rh3+ 55. Bh2 Rb3 56. Kg2 h5 57. Bg3 Kh6 58. Bf4+ Kh7 59. Bxh5 g6 60. fxg6+ fxg6 61. Bf3 Kg7 62. Be5+ Kh6 63. Kg3 Kg5 64. Bf4+ Kf5 65. Bd2 g5 66. Kg2 Kg6 67. Be4+ Kh5 68. Bf3+ Kh4 69. Re2 g4 70. Be1+ Kg5 71. Be4 Kf4 72. Bd2+ Ke5 73. Bc2+ Re3 74. Rxe3+ Kd4 75. Ra3 Kd5 76. Ra4 Kd6 77. Kg3 Kc6 78. Kxg4 Kc7 79. Kf4 Kb6 80. Ke4 Kb7 81. Rd4 Kc6 82. Be3 Kc7 83. Bd3 Kb7 84. Rd5 Kb8 85. Kd4 Ka8 86. Kc5 Kb8 87. Rd7 Ka8 88. Kb6 Kb8 89. Rd8# 1-0


[Site "https://www.chess.com"]

[Event "Titled Tuesday Blitz August 15 Late 2023"]
[White "Sadhwani, Raunak"]
[Black "Eljanov, Pavel"]
[WhiteFideId "35093487"]
[BlackFideId "14102951"]
[WhiteElo "3020"]
[BlackElo "2919"]
[Result "1-0"]
[Round "7"]
[TimeControl "180+1"]
[Date "2023.08.15"]
[WhiteClock "0:00:08"]
[BlackClock "0:00:00"]
[Board "9"]

1. d4 d5 2. Nf3 Nf6 3. a3 Bf5 4. c4 c6 5. e3 e6 6. Nc3 Nbd7 7. Be2 Bd6 8. O-O O-O 9. b3 Ne4 10. Bb2 Qf6 11. b4 Rad8 12. Rc1 Qh6 13. g3 Ndf6 14. c5 Bb8 15. Ne5 Nxc3 16. Bxc3 Ne4 17. Bb2 f6 18. Nf3 Rde8 19. b5 e5 20. bxc6 bxc6 21. Qa4 Bd7 22. Qa6 g5 23. Rfe1 exd4 24. Bxd4 f5 25. Bf1 f4 26. exf4 gxf4 27. Bg2 fxg3 28. hxg3 Bg4 29. Nh2 Bc8 30. Qd3 Bf5 31. Qe3 Qg6 32. Qb3 h5 33. Nf3 Bg4 34. Nh4 Qf7 35. Qb2 Ng5 36. Rxe8 Rxe8 37. Qd2 Ne6 38. Bb2 Kh7 39. Bf1 d4 40. Bd3+ Kg7 41. Bg6 Qe7 42. Bxe8 Qxe8 43. Bxd4+ Kf7 44. Bb2 1-0


[Site "https://www.chess.com"]

[Event "Titled Tuesday Blitz August 15 Late 2023"]
[White "Ibarra Jerez, Jose Carlos"]
[Black "Deac, Bogdan-Daniel"]
[WhiteFideId "2226332"]
[BlackFideId "1226380"]
[WhiteElo "2897"]
[BlackElo "2996"]
[Result "1/2-1/2"]
[Round "7"]
[TimeControl "180+1"]
[Date "2023.08.15"]
[WhiteClock "0:00:04"]
[BlackClock "0:00:07"]
[Board "10"]

1. d4 d5 2. Nc3 Bf5 3. f3 e6 4. e4 Bg6 5. a3 Nf6 6. Bg5 Be7 7. e5 Nfd7 8. Bxe7 Qxe7 9. f4 a6 10. Nf3 c5 11. Bd3 Bh5 12. dxc5 Qxc5 13. Qe2 Nc6 14. Qf2 Bxf3 15. Qxf3 h5 16. Qg3 g6 17. Qf2 Rc8 18. Qxc5 Nxc5 19. O-O-O h4 20. Rhf1 g5 21. g3 hxg3 22. hxg3 gxf4 23. gxf4 Ke7 24. Rh1 Rcg8 25. Rxh8 Rxh8 26. Ne2 Rh2 27. Re1 b5 28. b4 Na4 29. c3 Nb8 30. Bc2 Nb6 31. Nd4 Nc4 32. a4 bxa4 33. Bxa4 Rf2 34. Ne2 Nb6 35. Bc2 Nc6 36. Bd3 a5 37. b5 Na7 38. Kd2 a4 39. Ke3 Rh2 40. Ra1 Rh3+ 41. Kd2 Kd7 42. Nd4 Rh2+ 43. Ke3 Rh3+ 44. Kd2 Kc7 45. f5 exf5 46. Nxf5 Rh2+ 47. Ke3 Rh3+ 48. Kd2 Rf3 49. Nd4 Rg3 50. Rf1 Rg7 51. e6 Rg2+ 52. Ke3 fxe6 53. Rf7+ Kb8 54. Nxe6 a3 55. Rf1 a2 56. Be2 Na4 57. Kd3 Nxc3 58. Kxc3 Rxe2 59. Nd4 Rg2 60. Ra1 Kb7 61. Kb3 Rd2 62. Kc3 Rh2 63. Kb3 Rh4 64. Kc3 Rh3+ 65. Kb4 Rh2 66. Kb3 Kb6 67. Rxa2 Rh3+ 68. Kb4 Rh4 69. Ra6+ Kb7 70. Kc5 Rxd4 71. Rxa7+ Kxa7 72. Kxd4 Kb6 73. Kxd5 Kxb5 1/2-1/2


[Site "https://www.chess.com"]